 Dungeon Crawl Stone Soup version 0.23-b1-67-g8bd44de8e4 (webtiles) character file.

Game seed: 4300799430113771617

114612 Peloso the Peltast (level 16, -8/147 HPs)
             Began as a Minotaur Fighter on Feb 5, 2019.
             Was the Champion of Okawaru.
             Mangled by a jumping spider (20 damage)
             ... on level 1 of the Spider Nest on Feb 6, 2019.
             The game lasted 01:30:51 (31507 turns).

Peloso the Peltast (Minotaur Fighter)              Turns: 31507, Time: 01:30:51

Health: -8/147     AC: 19    Str: 26    XL:     16   Next: 16%
Magic:  17/17      EV:  8    Int:  5    God:    Okawaru [******]
Gold:   2391       SH:  0    Dex: 16    Spells: 15/15 levels left

rFire    . . .     SeeInvis .   a - +9 double sword (elec)
rCold    . . .     Gourm    .   l - +1 large shield {AC+3}
rNeg     . . .     Faith    .   N - +0 swamp dragon scales
rPois    +         Spirit   .   V - +1 hat
rElec    .         Reflect  .   J - scarf {repulsion}
rCorr    .         Harm     .   T - +2 pair of gloves
MR       ++...                  Q - +2 pair of boots {run}
Stlth    ++........             (no amulet)
HPRegen  0.34/turn              F - ring of protection from magic
MPRegen  0.15/turn              o - +4 ring of dexterity

@: held, repel missiles, quick
A: retaliatory headbutt, horns 2, deformed body
a: Heroism, Finesse, Renounce Religion


You were on level 1 of the Spider Nest.
You worshipped Okawaru.
Okawaru was exalted by your worship.
You were not hungry.

You visited 6 branches of the dungeon, and saw 27 of its levels.
You visited 1 bazaar.
You also visited: Volcano.

You collected 3112 gold pieces.
You spent 721 gold pieces at shops.

Inventory:

Hand Weapons
 a - a +9 double sword of electrocution (weapon)
 b - a +2 demon blade of electrocution
 e - a +1 scimitar of flaming
Armour
 c - a +0 shield
 g - a +1 pair of boots of flying
 l - a +1 large shield of protection (worn)
 J - a scarf of repulsion (worn)
 N - +0 swamp dragon scales (worn)
 Q - a +2 pair of boots of running (worn)
 T - a +2 pair of gloves (worn)
 U - a +0 crystal plate armour
 V - a +1 hat (worn)
Jewellery
 o - a +4 ring of dexterity (right hand)
 F - a ring of protection from magic (left hand)
 M - an uncursed ring of protection from cold
Wands
 h - a wand of scattershot (6)
 k - a wand of digging (7)
Scrolls
 i - a scroll of summoning
 j - 9 scrolls of remove curse
 m - a scroll of enchant weapon
 n - 5 scrolls of identify
 q - 4 scrolls of magic mapping
 r - 13 scrolls of teleportation
 w - a scroll of fog
 D - 5 scrolls of fear
 K - 5 scrolls of blinking
 P - 5 scrolls of noise
Potions
 d - 3 potions of might
 p - 4 potions of curing
 s - 2 potions of mutation
 t - a potion of cancellation
 u - 3 potions of haste
 v - 2 potions of heal wounds
 A - 2 potions of agility
 H - 3 potions of flight
 S - 4 potions of berserk rage
Comestibles
 f - 50 rations


   Skills:
 + Level 14.6 Fighting
   Level 5.6(11.6) Short Blades
 + Level 16.5(16.9) Long Blades
 + Level 14.6 Armour
 + Level 8.0 Dodging
 + Level 2.5 Stealth
 + Level 18.5 Shields
 + Level 2.7 Invocations
 + Level 0.9 Evocations


You had 15 spell levels left.
You didn't know any spells.
Your spell library contained the following spells:

 Spells                   Type           Power        Failure   Level  Hunger
 Animate Skeleton         Necr           N/A          86%         1    ##.....
 Magic Dart               Conj           #...         86%         1    ##.....
 Pain                     Necr           #...         86%         1    ##.....
 Shock                    Conj/Air       #...         86%         1    ##.....
 Summon Butterflies       Summ           #.......     86%         1    ##.....
 Summon Small Mammal      Summ           #...         86%         1    ##.....
 Call Imp                 Summ           #.......     94%         2    ###....
 Searing Ray              Conj           #.....       94%         2    ###....
 Swiftness                Chrm/Air       #.......     94%         2    ###....
 Call Canine Familiar     Summ           #.......     99%         3    ####...
 Dazzling Spray           Conj/Hex       #.....       99%         3    ####...
 Regeneration             Chrm/Necr      #.........   99%         3    ####...
 Static Discharge         Conj/Air       #.......     99%         3    ####...
 Summon Guardian Golem    Hex/Summ       #.......     99%         3    ####...
 Vampiric Draining        Necr           #.........   99%         3    ####...
 Airstrike                Air            #.........   100%        4    #####..
 Animate Dead             Necr           N/A          100%        4    #####..
 Force Lance              Conj/Tloc      #.......     100%        4    #####..
 Fulminant Prism          Conj/Hex       #.........   100%        4    #####..
 Iskenderun's Mystic Bla  Conj           #.......     100%        4    #####..
 Summon Ice Beast         Ice/Summ       #.......     100%        4    #####..
 Summon Lightning Spire   Summ/Air       #.......     100%        4    #####..
 Bolt of Magma            Conj/Fire/Erth #.........   100%        5    ######.
 Iskenderun's Battlesphe  Conj/Chrm      #.......     100%        5    ######.
 Summon Mana Viper        Hex/Summ       #.......     100%        5    ######.
 Venom Bolt               Conj/Pois      #.........   100%        5    ######.
 Deflect Missiles         Chrm/Air       #.........   100%        6    #######
 Iron Shot                Conj/Erth      #.........   100%        6    #######
 Orb of Destruction       Conj           #.........   100%        7    #######
 Spellforged Servitor     Conj/Summ      #.........   100%        7    #######
 Summon Hydra             Summ           #.........   100%        7    #######


Dungeon Overview and Level Annotations

Branches:
Dungeon (15/15)            Temple (1/1) D:4            Lair (6/6) D:8
 Shoals (1/4) Lair:3       Spider (2/4) Lair:4        Slime (0/5) Lair:5
    Orc (2/2) D:9             Elf (0/3) Orc:2        Vaults (0/5) D:14
 Depths (0/5) D:15

Altars:
Ashenzari
Cheibriados
Dithmenos
Elyvilon
Fedhas
Gozag
Kikubaaqudgha
Makhleb
Nemelex Xobeh
Okawaru
Qazlal
Ru
Sif Muna
Trog
Uskayaw
Vehumet
Wu Jian
Xom
Yredelemnul
Zin
The Shining One
Beogh

Shops:
D:9 (   Orc:1 }?%   Orc:2 [}([

Portals:
Trove: D:11 (give +6 demon trident)

Annotations:
Lair:4 exclusion: oklob plant


Innate Abilities, Weirdness & Mutations

You reflexively headbutt those who attack you in melee.
You have a pair of horns on your head.
Armour fits poorly on your strangely shaped body.


Message History

The tarantella bites you but does no damage.
You feel better.
The jumping spider pounces on you but does no damage.
The jumping spider closely misses you. The tarantella barely misses you.
You furiously retaliate!
You headbutt the tarantella!
You riposte.
You barely miss the tarantella. Your headbutt misses the tarantella.
The tarantella is moderately wounded.
The jumping spider pounces on you but does no damage.
The jumping spider barely misses you. The tarantella bites you!
* * * LOW HITPOINT WARNING * * *
You feel much better. The jumping spider pounces on you!!
* * * LOW HITPOINT WARNING * * *
You are even more entangled.
The jumping spider bites you but does no damage.
The tarantella closely misses you. You furiously retaliate!
You headbutt the tarantella.
You riposte.
You slash the tarantella! You headbutt the tarantella.
The tarantella is severely wounded.
The jumping spider pounces on you!!
You die...

##...#.#.....#
#............##
#...#.#.......##
##..^#..........##
##....#...........#
###...#.............#
#.........^..#.......
#...s.#..#......#....
#..s@................
####.................
##..#.....#.......
#....<...........
##.........#....#
##...#..........
##.....#.......
##..........#(
##.............


You could see a jumping spider (berserk) and a tarantella (berserk).

Vanquished Creatures
  An emperor scorpion (Spider:1)
  A stone giant (Orc:1)
  Nessos (Lair:6)
  A fire dragon (D:15)
  An ogre mage (D:14)
  Fannar (D:11)
  11 hydras
  5 centaur warriors
  Harold (Lair:1)
  Erolcha (D:11)
  An ice dragon (D:15)
  6 two-headed ogres
  A tengu warrior (D:12)
  Urug (Lair:3)
  13 death yaks
  2 fire crabs
  5 unseen horrors
  4 skeletal warriors (D:14)
  A swamp dragon (Lair:6)
  An obsidian statue (Orc:2)
  A lindwurm (Volcano)
  An orb spider (Spider:1)
  2 orc knights (Orc:2)
  19 ugly things
  3 oklob plants (Lair:5)
  A deep elf mage (D:12)
  3 wolf spiders (Spider:1)
  6 cyclopes
  2 orc sorcerers (Orc:1)
  2 manticores
  A water nymph (Shoals:1)
  A centaur zombie (D:14)
  6 black mambas
  A merfolk siren (Lair:3)
  A kobold demonologist (D:13)
  3 centaur skeletons
  22 spiny frogs
  2 molten gargoyles (Volcano)
  4 gargoyles
  An efreet (D:14)
  A demonic crawler (Spider:1)
  3 rime drakes
  A freezing wraith (D:15)
  2 komodo dragons
  A tengu conjurer (D:10)
  A harpy zombie (D:14)
  3 polar bears
  5 tyrant leeches (Lair:6)
  7 trolls
  6 hornets (Spider:1)
  9 jumping spiders
  29 blink frogs
  4 slime creatures (D:15)
  4 dream sheep
  6 hippogriffs
  2 vampires (D:14)
  A wraith (D:14)
  14 redbacks
  4 water elementals (D:14)
  3 shadows
  4 wyverns
  2 tarantellas
  8 fire bats (Volcano)
  49 yaks
  A basilisk (Lair:1)
  6 vampire mosquitoes (Lair:6)
  5 hungry ghosts
  4 wargs
  10 water moccasins
  2 hell hounds (Volcano)
  9 porcupines
  36 orc warriors
  An ice beast (D:6)
  7 sky beasts
  16 ogres
  A black bear (D:13)
  4 phantoms
  2 eyes of draining
  22 centaurs
  21 wolves
  A necrophage (D:12)
  9 crocodiles
  26 bullfrogs
  3 big kobolds
  A water moccasin zombie (D:6)
  3 wyvern skeletons
  7 scorpions
  11 killer bees
  5 wights (D:13)
  A howler monkey (D:5)
  5 electric eels
  9 crimson imps
  A bullfrog zombie (D:12)
  7 hounds
  5 jellies
  3 bullfrog skeletons
  18 orc wizards
  14 orc priests
  12 iguanas
  Natasha (D:3)
  11 worker ants
  A hound zombie (D:6)
  A hound skeleton (D:8)
  3 gnolls (D:8)
  10 adders
  7 shadow imps
  12 white imps (Lair:1)
  An ooze (D:5)
  An adder skeleton (D:8)
  An adder zombie (D:6)
  2 dart slugs (D:1)
  4 worms
  3 leopard geckos
  86 orcs
  7 bats
  6 giant cockroaches
  5 goblins
  9 hobgoblins
  13 jackals
  4 quokkas
  A ball python (D:1)
  4 frilled lizards (D:1)
  22 kobolds
  18 rats
  2 bushes (D:14)
  A fungus (D:5)
  2 plants
836 creatures vanquished.

Vanquished Creatures (others)
  2 orcs (Orc:2)
  9 fungi
  45 plants
56 creatures vanquished.

Grand Total: 892 creatures vanquished

Notes
Turn   | Place    | Note
-------+----------+-------------------------------------------
     0 | D:1      | Peloso the Minotaur Fighter began the quest for the Orb.
     0 | D:1      | Reached XP level 1. HP: 19/19 MP: 0/0
   243 | D:1      | Reached XP level 2. HP: 27/27 MP: 1/1
   607 | D:1      | Reached skill level 4 in Shields
   607 | D:1      | Reached XP level 3. HP: 33/33 MP: 2/2
   798 | D:2      | Found an ornate altar of the Wu Jian Council.
  1336 | D:3      | Reached XP level 4. HP: 40/40 MP: 3/3
  1395 | D:3      | Noticed a bullfrog
  1406 | D:3      | Killed a bullfrog
  1406 | D:3      | Reached skill level 1 in Dodging
  1406 | D:3      | Reached XP level 5. HP: 46/47 MP: 4/4
  1810 | D:3      | Noticed Natasha
  1820 | D:3      | Killed Natasha
  2146 | D:4      | Found a staircase to the Ecumenical Temple.
  2157 | D:4      | Reached skill level 5 in Long Blades
  2171 | Temple   | Entered the Ecumenical Temple
  2211 | Temple   | Became a worshipper of Warmaster Okawaru
  2247 | D:4      | Reached skill level 5 in Shields
  2247 | D:4      | Reached XP level 6. HP: 52/53 MP: 5/5
  2269 | D:4      | Noticed a moth of wrath
  2271 | D:4      | Found a bloodstained altar of Trog.
  2394 | D:4      | Noticed an orc warrior
  2418 | D:4      | Killed an orc warrior
  2418 | D:4      | Reached skill level 5 in Armour
  2765 | D:4      | Reached skill level 5 in Fighting
  2862 | D:4      | Reached XP level 7. HP: 61/61 MP: 6/6
  2953 | D:4      | Found a bloodstained altar of Trog.
  2966 | D:4      | Found a snail-covered altar of Cheibriados.
  2969 | D:4      | Found a blossoming altar of Fedhas.
  2972 | D:4      | Found an opulent altar of Gozag.
  3150 | D:5      | Entered Level 5 of the Dungeon
  3186 | D:5      | Reached * piety under Okawaru
  3353 | D:5      | Reached skill level 6 in Shields
  3547 | D:5      | Found a deep blue altar of Sif Muna.
  3690 | D:5      | Found a sacrificial altar of Ru.
  3793 | D:6      | You fall through a shaft!
  3798 | D:7      | Reached skill level 1 in Stealth
  3798 | D:7      | Reached XP level 8. HP: 69/69 MP: 7/7
  4301 | D:6      | Reached ** piety under Okawaru
  5555 | D:8      | Found a white marble altar of Elyvilon.
  5608 | D:8      | Reached skill level 7 in Shields
  5648 | D:8      | Found a basalt altar of Yredelemnul.
  5701 | D:8      | Reached XP level 9. HP: 75/75 MP: 8/8
  5742 | D:8      | Reached *** piety under Okawaru
  5957 | D:8      | Found a radiant altar of Vehumet.
  6039 | D:8      | Reached skill level 10 in Long Blades
  6510 | D:8      | Found a staircase to the Lair.
  6790 | D:9      | Found Wuwip's Antique Weapon Boutique.
  6866 | D:9      | Found a stormy altar of Qazlal.
  6887 | D:9      | Reached skill level 8 in Shields
  6940 | D:9      | Reached **** piety under Okawaru
  6974 | D:9      | Reached XP level 10. HP: 18/86 MP: 6/9
  7257 | D:9      | Found a staircase to the Orcish Mines.
  7734 | D:10     | Entered Level 10 of the Dungeon
  7879 | D:10     | Reached skill level 9 in Shields
  8087 | D:10     | Noticed a two-headed ogre
  8101 | D:10     | Killed a two-headed ogre
  8101 | D:10     | Reached ***** piety under Okawaru
  8333 | D:10     | Reached skill level 5 in Dodging
  8412 | D:10     | Noticed a two-headed ogre
  8426 | D:10     | Killed a two-headed ogre
  8487 | D:10     | Noticed a two-headed ogre
  8498 | D:10     | Killed a two-headed ogre
  8498 | D:10     | Reached skill level 10 in Shields
  8589 | D:10     | Reached XP level 11. HP: 85/94 MP: 7/10
  8961 | D:11     | Killed an unseen horror
  9101 | D:11     | Reached skill level 1 in Invocations
  9391 | D:11     | Noticed a red ugly thing
  9392 | D:11     | Noticed Erolcha
  9406 | D:11     | Killed a red ugly thing
  9411 | D:11     | Killed Erolcha
  9411 | D:11     | Received a gift from Okawaru
  9492 | D:11     | Noticed Fannar
  9515 | D:11     | Killed Fannar
 10245 | D:11     | Found a portal to a secret trove of treasure.
 10303 | D:12     | Reached skill level 10 in Armour
 10326 | D:12     | Noticed a centaur warrior
 10343 | D:12     | Killed a centaur warrior
 10343 | D:12     | Reached skill level 11 in Shields
 10357 | D:12     | Noticed a deep elf mage
 10371 | D:12     | Killed a deep elf mage
 10403 | D:12     | Killed an unseen horror
 10476 | D:12     | Noticed a green ugly thing
 10489 | D:12     | Killed a green ugly thing
 10518 | D:12     | Reached XP level 12. HP: 62/105 MP: 12/12
 10984 | D:12     | Reached skill level 12 in Shields
 11045 | D:12     | Reached skill level 10 in Fighting
 11052 | D:12     | Identified the Disquisition on Feathers
 11868 | Lair:1   | Entered Level 1 of the Lair of Beasts
 11905 | Lair:1   | Noticed Harold
 11931 | Lair:1   | Killed Harold
 11947 | Lair:1   | Found a dark tunnel.
 11953 | Volcano  | Entered a volcano
 12106 | Volcano  | Found a radiant altar of Vehumet.
 12146 | Volcano  | Reached ****** piety under Okawaru
 12693 | Volcano  | Reached skill level 13 in Shields
 12709 | Volcano  | Identified a +2 pair of boots of running (You found it in a
                  | volcano)
 12929 | Lair:1   | Received a gift from Okawaru
 12975 | Lair:1   | Noticed an eight-headed hydra
 12999 | Lair:1   | Killed an eight-headed hydra
 12999 | Lair:1   | Reached XP level 13. HP: 7/114 MP: 13/13
 13472 | Lair:1   | Reached skill level 1 in Short Blades
 14927 | Lair:3   | Noticed Urug
 14961 | Lair:3   | Killed Urug
 15289 | Lair:3   | Found a staircase to the Shoals.
 16001 | Lair:3   | Reached skill level 14 in Shields
 16710 | Lair:4   | Found a hole to the Spider Nest.
 17334 | Lair:5   | Received a gift from Okawaru
 17417 | Lair:5   | Found a staircase to the Slime Pits.
 17486 | Lair:5   | Reached skill level 15 in Long Blades
 18053 | Lair:4   | Reached XP level 14. HP: 87/125 MP: 15/15
 18058 | Lair:4   | Reached skill level 15 in Shields
 18379 | Lair:5   | Received a gift from Okawaru
 18528 | Lair:6   | Entered Level 6 of the Lair of Beasts
 19315 | Lair:5   | Reached skill level 5 in Short Blades
 19533 | Lair:6   | Found a bloodstained altar of Trog.
 19535 | Lair:6   | Noticed Nessos
 19553 | Lair:6   | Killed Nessos
 19986 | Lair:6   | Reached skill level 16 in Shields
 20218 | Lair:6   | Received a gift from Okawaru
 22273 | D:13     | Reached XP level 15. HP: 133/136 MP: 16/16
 22992 | D:11     | Upgraded the game from 0.23-b1-59-g586d0d887c to
                  | 0.23-b1-67-g8bd44de8e4
 23046 | D:14     | Found a gate to the Vaults.
 23127 | D:14     | Received a gift from Okawaru
 23986 | D:14     | Reached skill level 17 in Shields
 25136 | Orc:1    | Entered Level 1 of the Orcish Mines
 25215 | Orc:2    | Entered Level 2 of the Orcish Mines
 25476 | Orc:2    | Found a roughly hewn altar of Beogh.
 26097 | Orc:2    | Found Jill's Gadget Shop.
 26097 | Orc:2    | Found Boxkal's Weapon Shoppe.
 26099 | Orc:2    | Found Ryschylid's Antique Armour Emporium.
 26101 | Orc:2    | Found Essannam's Antique Armour Boutique.
 26113 | Orc:2    | Bought a glowing large shield for 165 gold pieces
 26230 | Orc:2    | Found a staircase to the Elven Halls.
 26365 | Orc:2    | Found a gateway to a bazaar.
 26387 | Bazaar   | Entered a bazaar
 26401 | Bazaar   | Found Areudgh's Antique Weapon Shoppe.
 26424 | Bazaar   | Found Innin's Weapon Shoppe.
 26424 | Bazaar   | Found Aploedd's Magic Scroll Emporium.
 26430 | Bazaar   | Bought a scroll of blinking for 67 gold pieces
 26449 | Bazaar   | Found Jauc's Antique Weapon Shoppe.
 26516 | Bazaar   | Bought a scroll of identify for 18 gold pieces
 26516 | Bazaar   | Bought a scroll of identify for 18 gold pieces
 26516 | Bazaar   | Bought a scroll of teleportation for 27 gold pieces
 26516 | Bazaar   | Bought a scroll of teleportation for 27 gold pieces
 26516 | Bazaar   | Bought a scroll of teleportation for 27 gold pieces
 26516 | Bazaar   | Bought a scroll of identify for 18 gold pieces
 26826 | Orc:1    | Found Nogaps's Magic Scroll Emporium.
 26826 | Orc:1    | Found Viumi's Food Shoppe.
 26845 | Orc:1    | Received a gift from Okawaru
 26966 | Orc:1    | Bought a scroll of enchant armour for 90 gold pieces
 26966 | Orc:1    | Bought a scroll of magic mapping for 42 gold pieces
 26966 | Orc:1    | Bought a scroll of magic mapping for 42 gold pieces
 26966 | Orc:1    | Bought a scroll of enchant armour for 90 gold pieces
 26966 | Orc:1    | Bought a scroll of identify for 24 gold pieces
 26966 | Orc:1    | Bought a scroll of identify for 24 gold pieces
 26966 | Orc:1    | Bought a scroll of fear for 42 gold pieces
 27004 | Orc:1    | Found Plog's Gadget Shoppe.
 27125 | Orc:1    | Gained mutation: Armour fits poorly on your strangely
                  | shaped body. [a neqoxec]
 27526 | D:15     | Entered Level 15 of the Dungeon
 28100 | D:15     | Found a staircase to the Depths.
 28196 | D:15     | Reached skill level 18 in Shields
 28833 | Spider:1 | Entered Level 1 of the Spider Nest
 29106 | Shoals:1 | Entered Level 1 of the Shoals
 30009 | Spider:1 | Reached XP level 16. HP: 101/147 MP: 17/17
 30656 | Spider:1 | Received a gift from Okawaru
 31507 | Spider:1 | Mangled by a jumping spider

Skill      XL: |  1  2  3  4  5  6  7  8  9 10 11 12 13 14 15 16 |
---------------+-------------------------------------------------+-----
Fighting       | 4 5 6 7 8 9 10 11 13 14 | 14.6
Armour         | 4 5 6 8 9 10 11 12 13 14 | 14.6
Shields        | 4 5 6 7 8 10 11 13 14 16 18 | 18.5
Long Blades    | 3 4 5 6 7 9 11 12 13 14 15 16 | 16.5
Dodging        | 1 2 3 4 5 6 7 8 |  8.0
Stealth        | 1 2 |  2.5
Invocations    | 1 2 |  2.7
Short Blades   | 3 5 |  5.6
Evocations     | |  0.9

Action                   |  1- 3 |  4- 6 |  7- 9 | 10-12 | 13-15 | 16-18 || total
-------------------------+-------+-------+-------+-------+-------+-------++-------
Melee: Long sword        |   101 |   118 |   368 |   245 |   197 |       ||  1029
       Headbutt          |    12 |    22 |    98 |   235 |   466 |    18 ||   851
       Falchion          |       |       |       |   523 |   148 |       ||   671
       Rapier            |       |       |       |    10 |    90 |       ||   100
       Demon blade       |       |       |       |       |  1043 |       ||  1043
       Double sword      |       |       |       |       |   174 |    89 ||   263
Invok: Heroism           |       |       |     2 |    21 |     3 |       ||    26
Evoke: Wand              |       |       |       |     1 |     6 |     1 ||     8
  Use: Scroll            |       |       |     7 |     5 |    23 |     2 ||    37
       Potion            |       |       |       |     1 |     2 |     3 ||     6
  Eat: Chunk             |     1 |     6 |    11 |    20 |    42 |     3 ||    83
       Ration            |       |       |     1 |       |     3 |     1 ||     5
Armor: Scale mail        |     3 |       |       |       |       |       ||     3
       Pearl dragon scal |    78 |    31 |   113 |    89 |       |       ||   311
       Storm dragon scal |       |       |       |   205 |       |       ||   205
       Crystal plate arm |       |       |       |    77 |   792 |    53 ||   922
       Swamp dragon scal |       |       |       |       |       |    16 ||    16
Dodge: Dodged            |    34 |    33 |   135 |   263 |   413 |    47 ||   925
       Deflected         |       |       |       |    11 |    46 |       ||    57
Block: Shield            |    73 |    53 |   169 |   520 |  1041 |       ||  1856
       Large shield      |       |       |       |       |   332 |   150 ||   482
       Rpst.: Long sword |     7 |     8 |    35 |    20 |    21 |       ||    91
       Falchion          |       |       |       |    40 |     4 |       ||    44
       Demon blade       |       |       |       |       |    63 |       ||    63
       Double sword      |       |       |       |       |     6 |    10 ||    16
